MWL (24 & UNDER)
BEMIDJI BENDERS @ MINNESOTA DEATH STARS
08/19/2025
 
TOP OF THE 1ST
Bemidji Benders batting - Pitching for Minnesota Death Stars : LHP Will Chapman
Pitching: LHP Will Chapman
Batting: RHB Nick Harris 0-0: Ball
1-0: Foul Ball, location: 2F
1-1: Ball
2-1: Ball
3-1: Foul Ball, location: 2F
3-2: Foul Ball, location: 2F
3-2: DOUBLE (Line Drive, 5D)
Batting: RHB Ken McDonald 0-0: Ground out 4-3 (Groundball, 4M)
Nick Harris to third
Batting: SHB Dave Henley 0-0: Ball
1-0: Foul Ball, location: 2F
1-1: Swinging Strike
1-2: Ball
2-2: Strikes out looking
Batting: SHB Conan Hanson 0-0: Fly out, F8 (Flyball, 8LM)
Top of the 1st over - 0 run(s), 1 hit(s), 0 error(s), 1 left on base; Bemidji 0 - Minnesota 0
BOTTOM OF THE 1ST
Minnesota Death Stars batting - Pitching for Bemidji Benders : RHP Dale Hall
Pitching: RHP Dale Hall
Batting: RHB Sean King 0-0: Called Strike
0-1: Ball
1-1: SINGLE (Line Drive, 56)
Batting: SHB Jason Mason 0-0: Ball
1-0: Ball
2-0: Called Strike
2-1: Foul Ball, location: 2F
2-2: Strikes out swinging
Batting: RHB Vincent Braun 0-0: DOUBLE (Line Drive, 78S)
Sean King to third
Batting: SHB Barrett Bowden 0-0: Ball
1-0: SINGLE (Flyball, 7S)
Sean King scores
Vincent Braun to third
Runner from 3rd tries for Home, SAFE, throw made home
Barrett Bowden to second
Batting: LHB Guy Moss 0-0: Ball
Barrett Bowden steals 3rd base
1-0: Foul Ball, location: 2F
1-1: Ball
2-1: Fly out, F7 (Flyball, 78M)
Runner from 3rd tags up, SCORES, no throw
Batting: RHB Christian Moss 0-0: Called Strike
0-1: Called Strike
0-2: Strikes out swinging
Bottom of the 1st over - 3 run(s), 3 hit(s), 0 error(s), 0 left on base; Bemidji 0 - Minnesota 3
TOP OF THE 2ND
Bemidji Benders batting - Pitching for Minnesota Death Stars : LHP Will Chapman
Batting: LHB Raúl Morales 0-0: Foul Ball, location: 2F
0-1: Ball
1-1: Foul Ball, location: 2F
1-2: Ball
2-2: Fly out, F5 (Line Drive, 56)
Batting: RHB Ramón Padilla 0-0: Foul Ball, location: 2F
0-1: Ball
1-1: Foul Ball, location: 2F
1-2: SINGLE (Groundball, 34S)
Batting: LHB Todd Anderson 0-0: Ball
1-0: Ball
2-0: Ball
3-0: Base on Balls
Ramón Padilla to second
Batting: RHB Roberto Solís 0-0: Ball
Ramón Padilla steals 3rd base
Todd Anderson to second
1-0: Ball
2-0: Ball
3-0: Called Strike
3-1: Called Strike
3-2: Ground out 6-3 (Groundball, 6M)
Ramón Padilla scores
Todd Anderson to third
Batting: LHB Jesús Raugel 0-0: Called Strike
0-1: Called Strike
0-2: Hit by Pitch
Batting: RHB Nick Harris 0-0: Ball
Jesús Raugel is caught stealing 2nd base
Top of the 2nd over - 1 run(s), 1 hit(s), 0 error(s), 0 left on base; Bemidji 1 - Minnesota 3
BOTTOM OF THE 2ND
Minnesota Death Stars batting - Pitching for Bemidji Benders : RHP Dale Hall
Batting: RHB Vaughan Tillman 0-0: SOLO HOME RUN (Flyball, 7LD), Distance : 356 ft
Batting: RHB Abraham Hardy 0-0: Fly out, F7 (Flyball, 7M)
Batting: RHB Bryan MacGuffie 0-0: Called Strike
0-1: Ball
1-1: Foul Ball, location: 2F
1-2: Ground out 4-3 (Groundball, 4)
Batting: RHB Sean King 0-0: Ball
1-0: Ball
2-0: Called Strike
2-1: Foul Ball, location: 2F
2-2: Foul Ball, location: 2F
2-2: Foul Ball, location: 2F
2-2: Fly out, F4 (Popup, 4)
Bottom of the 2nd over - 1 run(s), 1 hit(s), 0 error(s), 0 left on base; Bemidji 1 - Minnesota 4
TOP OF THE 3RD
Bemidji Benders batting - Pitching for Minnesota Death Stars : LHP Will Chapman
Batting: RHB Nick Harris 0-0: Called Strike
0-1: Ball
1-1: Ball
2-1: Ball
3-1: Base on Balls
Batting: RHB Ken McDonald 0-0: Ball
1-0: Fly out, F7 (Flyball, 7M)
Batting: SHB Dave Henley 0-0: Ball
1-0: Ball
2-0: Called Strike
2-1: Swinging Strike
2-2: Ball
3-2: Strikes out swinging
Batting: SHB Conan Hanson 0-0: Ground out 6-3 (Groundball, 6)
Top of the 3rd over - 0 run(s), 0 hit(s), 0 error(s), 1 left on base; Bemidji 1 - Minnesota 4
BOTTOM OF THE 3RD
Minnesota Death Stars batting - Pitching for Bemidji Benders : RHP Dale Hall
Batting: SHB Jason Mason 0-0: Called Strike
0-1: Foul Ball, location: 2F
0-2: Ball
1-2: Ball
2-2: Ball
3-2: Strikes out swinging
Batting: RHB Vincent Braun 0-0: Ball
1-0: Ball
2-0: Foul Ball, location: 2F
2-1: Foul Ball, location: 2F
2-2: Foul Ball, location: 2F
2-2: Foul Ball, location: 2F
2-2: Ball
3-2: Fly out, F4 (Popup, 4D)
Batting: SHB Barrett Bowden 0-0: Foul Ball, location: 2F
0-1: Foul Ball, location: 2F
0-2: Ball
1-2: Foul Ball, location: 2F
1-2: SINGLE (Groundball, 34D)
Batting: LHB Guy Moss 0-0: Ball
1-0: SINGLE (Flyball, 7S)
Barrett Bowden to second
Batting: RHB Christian Moss 0-0: Foul Ball, location: 2F
0-1: Ball
1-1: Called Strike
1-2: Ball
2-2: Ball
3-2: Base on Balls
Barrett Bowden to third
Guy Moss to second
Batting: RHB Vaughan Tillman 0-0: Foul Ball, location: 2F
0-1: Called Strike
0-2: Ball
1-2: Strikes out swinging
Bottom of the 3rd over - 0 run(s), 2 hit(s), 0 error(s), 3 left on base; Bemidji 1 - Minnesota 4
TOP OF THE 4TH
Bemidji Benders batting - Pitching for Minnesota Death Stars : LHP Will Chapman
Batting: LHB Raúl Morales 0-0: Ball
1-0: TRIPLE (Line Drive, 3D)
Batting: RHB Ramón Padilla 0-0: Ball
1-0: SINGLE (Groundball, 56D)
Raúl Morales scores
Batting: LHB Todd Anderson 0-0: Ball
1-0: Ball
2-0: Ball
3-0: Called Strike
3-1: Called Strike
3-2: Base on Balls
Ramón Padilla to second
Batting: RHB Roberto Solís 0-0: Ball
1-0: Grounds into double play, 6-4-3 (Groundball, 6)
Ramón Padilla to third
Batting: LHB Jesús Raugel 0-0: Ball
1-0: SINGLE (Groundball, 34)
Ramón Padilla scores
Batting: RHB Nick Harris 0-0: Ball
1-0: Ball
2-0: SINGLE (Groundball, 5D)
Jesús Raugel to second
Runner from 2nd tries for 3rd, SAFE, throw made to third
Batting: RHB Ken McDonald 0-0: Ball
1-0: SINGLE (Line Drive, 89S)
Jesús Raugel scores
Nick Harris to second
Batting: SHB Dave Henley 0-0: Called Strike
0-1: Ball
1-1: Foul Ball, location: 2F
1-2: SINGLE (Line Drive, 78M)
Nick Harris to third
Ken McDonald to second
Batting: SHB Conan Hanson 0-0: Ball
Wild Pitch!
Nick Harris scores
Ken McDonald to third
Dave Henley to second
1-0: Ball
2-0: Ball
3-0: Called Strike
3-1: Base on Balls
Batting: LHB Raúl Morales 0-0: Foul Ball, location: 2F
0-1: Ball
1-1: SINGLE (Groundball, 25) (infield hit)
Ken McDonald scores
Dave Henley to third
Conan Hanson to second
Batting: RHB Ramón Padilla 0-0: Ball
1-0: Swinging Strike
1-1: Called Strike
1-2: Ball
2-2: Fly out, F7 (Flyball, 7S)
Top of the 4th over - 5 run(s), 7 hit(s), 0 error(s), 3 left on base; Bemidji 6 - Minnesota 4
BOTTOM OF THE 4TH
Minnesota Death Stars batting - Pitching for Bemidji Benders : RHP Dale Hall
Batting: RHB Abraham Hardy 0-0: Foul Ball, location: 2F
0-1: Swinging Strike
0-2: Strikes out looking
Batting: RHB Bryan MacGuffie 0-0: Ball
1-0: Called Strike
1-1: Foul Ball, location: 2F
1-2: SINGLE (Groundball, 6MD)
Batting: RHB Sean King 0-0: Ball
1-0: Foul Ball, location: 2F
1-1: Ball
2-1: Swinging Strike
2-2: Ball
3-2: Strikes out looking
Batting: SHB Jason Mason 0-0: Called Strike
0-1: Foul Ball, location: 2F
0-2: Ball
1-2: Foul Ball, location: 2F
1-2: Strikes out swinging
Bottom of the 4th over - 0 run(s), 1 hit(s), 0 error(s), 1 left on base; Bemidji 6 - Minnesota 4
TOP OF THE 5TH
Bemidji Benders batting - Pitching for Minnesota Death Stars : LHP Will Chapman
Pitching: RHP Arthur Melton
Batting: LHB Todd Anderson 0-0: Ball
1-0: Ball
2-0: Called Strike
2-1: Called Strike
2-2: Fly out, F3 (Popup, 3F)
Batting: RHB Roberto Solís 0-0: Swinging Strike
0-1: Ball
1-1: Ball
2-1: Ball
3-1: Base on Balls
Batting: LHB Jesús Raugel 0-0: Called Strike
0-1: Called Strike
0-2: Strikes out looking
Batting: RHB Nick Harris 0-0: Swinging Strike
0-1: SINGLE (Line Drive, 6)
Roberto Solís to second
Batting: RHB Ken McDonald 0-0: Called Strike
0-1: SINGLE (Line Drive, 4M)
Roberto Solís to third
Nick Harris to second
Runner from 3rd tries for Home, SAFE, throw made home
Nick Harris to third
Ken McDonald to second
Batting: SHB Dave Henley 0-0: Called Strike
0-1: Ball
1-1: Ball
2-1: SINGLE (Flyball, 7S)
Nick Harris scores
Ken McDonald to third
Runner from 3rd tries for Home, SAFE, throw made home
Dave Henley to second
Batting: SHB Conan Hanson 0-0: Ball
1-0: Called Strike
1-1: SINGLE (Line Drive, 89M)
Dave Henley to third
Batting: LHB Raúl Morales 0-0: Ball
1-0: Called Strike
1-1: Ground out 4-3 (Groundball, 4)
Top of the 5th over - 3 run(s), 4 hit(s), 0 error(s), 2 left on base; Bemidji 9 - Minnesota 4
BOTTOM OF THE 5TH
Minnesota Death Stars batting - Pitching for Bemidji Benders : RHP Dale Hall
Batting: RHB Vincent Braun 0-0: Called Strike
0-1: Ground out 4-3 (Groundball, 13)
Batting: SHB Barrett Bowden 0-0: Swinging Strike
0-1: Ball
1-1: Called Strike
1-2: Strikes out swinging
Batting: LHB Guy Moss 0-0: Swinging Strike
0-1: Swinging Strike
0-2: Ball
1-2: Ground out 6-3 (Groundball, 6M)
Bottom of the 5th over - 0 run(s), 0 hit(s), 0 error(s), 0 left on base; Bemidji 9 - Minnesota 4
TOP OF THE 6TH
Bemidji Benders batting - Pitching for Minnesota Death Stars : RHP Arthur Melton
Pitching: RHP Dylan Versluis
Batting: RHB Ramón Padilla 0-0: Called Strike
0-1: Bunt for hit - play at first, batter OUT! 2-3
Batting: LHB Todd Anderson 0-0: Ball
1-0: Ball
2-0: Ball
3-0: Base on Balls
Batting: RHB Roberto Solís 0-0: Ball
1-0: Called Strike
1-1: Fly out, F3 (Popup, 4MS)
Batting: LHB Jesús Raugel 0-0: Ball
1-0: Called Strike
1-1: Swinging Strike
1-2: Ball
2-2: Strikes out looking
Top of the 6th over - 0 run(s), 0 hit(s), 0 error(s), 1 left on base; Bemidji 9 - Minnesota 4
BOTTOM OF THE 6TH
Minnesota Death Stars batting - Pitching for Bemidji Benders : RHP Dale Hall
Pitching: RHP Ambrose Palmer
Batting: RHB Christian Moss 0-0: Ball
1-0: Called Strike
1-1: Foul Ball, location: 2F
1-2: Strikes out looking
Batting: RHB Vaughan Tillman 0-0: SINGLE (Groundball, 4MD)
Batting: RHB Abraham Hardy 0-0: Called Strike
0-1: Called Strike
0-2: Fly out, F9 (Flyball, 89M)
Batting: RHB Bryan MacGuffie 0-0: Ball
1-0: Foul Ball, location: 2F
1-1: Swinging Strike
1-2: Foul Ball, location: 2F
1-2: Strikes out swinging
Bottom of the 6th over - 0 run(s), 1 hit(s), 0 error(s), 1 left on base; Bemidji 9 - Minnesota 4
TOP OF THE 7TH
Bemidji Benders batting - Pitching for Minnesota Death Stars : RHP Dylan Versluis
Batting: RHB Nick Harris 0-0: Fly out, F8 (Flyball, 8RM)
Batting: RHB Ken McDonald 0-0: Called Strike
0-1: Foul Ball, location: 2F
0-2: Foul Ball, location: 2F
0-2: Strikes out looking
Batting: SHB Dave Henley 0-0: Ball
1-0: Called Strike
1-1: Fly out, F4 (Line Drive, 4)
Top of the 7th over - 0 run(s), 0 hit(s), 0 error(s), 0 left on base; Bemidji 9 - Minnesota 4
BOTTOM OF THE 7TH
Minnesota Death Stars batting - Pitching for Bemidji Benders : RHP Ambrose Palmer
Batting: RHB Sean King 0-0: Ground out 5-3 (Groundball, 56)
Batting: SHB Jason Mason 0-0: Ball
1-0: Ball
2-0: Swinging Strike
2-1: Called Strike
2-2: Ball
3-2: SINGLE (Flyball, 8RS)
Batting: RHB Vincent Braun 0-0: Ball
Jason Mason steals 2nd base
1-0: SINGLE (Groundball, 34S)
Jason Mason to third
Batting: SHB Barrett Bowden 0-0: Called Strike
0-1: Foul Ball, location: 2F
0-2: Ball
1-2: Ball
2-2: Strikes out looking
Batting: LHB Guy Moss 0-0: Ball
1-0: Called Strike
1-1: Ball
2-1: Foul Ball, location: 2F
2-2: Strikes out swinging
Bottom of the 7th over - 0 run(s), 2 hit(s), 0 error(s), 2 left on base; Bemidji 9 - Minnesota 4
TOP OF THE 8TH
Bemidji Benders batting - Pitching for Minnesota Death Stars : RHP Dylan Versluis
Pitching: RHP Howard Jewel
Batting: SHB Conan Hanson 0-0: Called Strike
0-1: Ball
1-1: Called Strike
1-2: Foul Ball, location: 2F
1-2: Ball
2-2: Fly out, F7 (Popup, 6D)
Batting: LHB Raúl Morales 0-0: Called Strike
0-1: Fly out, F6 (Popup, 5DF)
Batting: RHB Ramón Padilla 0-0: Foul Ball, location: 2F
0-1: Ball
1-1: Ball
2-1: Ball
3-1: Ground out 6-3 (Groundball, 6M)
Top of the 8th over - 0 run(s), 0 hit(s), 0 error(s), 0 left on base; Bemidji 9 - Minnesota 4
BOTTOM OF THE 8TH
Minnesota Death Stars batting - Pitching for Bemidji Benders : RHP Ambrose Palmer
Pitching: RHP Tom Fisher
Batting: RHB Christian Moss 0-0: SINGLE (Line Drive, 4MD)
Batting: RHB Vaughan Tillman 0-0: Called Strike
0-1: Ball
1-1: Foul Ball, location: 2F
1-2: Foul Ball, location: 2F
1-2: Ball
2-2: Strikes out swinging
Batting: RHB Abraham Hardy 0-0: Swinging Strike
0-1: Ball
1-1: Foul Ball, location: 2F
1-2: Foul Ball, location: 2F
1-2: Ball
2-2: Ball
3-2: Strikes out swinging
Batting: RHB Bryan MacGuffie 0-0: Ball
1-0: Swinging Strike
1-1: Fly out, F8 (Flyball, 8RM)
Bottom of the 8th over - 0 run(s), 1 hit(s), 0 error(s), 1 left on base; Bemidji 9 - Minnesota 4
TOP OF THE 9TH
Bemidji Benders batting - Pitching for Minnesota Death Stars : RHP Howard Jewel
Batting: LHB Todd Anderson 0-0: Foul Ball, location: 2F
0-1: Ball
1-1: Called Strike
1-2: Foul Ball, location: 2F
1-2: Foul Ball, location: 2F
1-2: SINGLE (Line Drive, 8RS)
Batting: RHB Roberto Solís 0-0: Called Strike
0-1: Foul Ball, location: 2F
0-2: Ball
1-2: Strikes out swinging
Batting: LHB Jesús Raugel 0-0: Hit by Pitch
Todd Anderson to second
Batting: RHB Nick Harris 0-0: Ball
Todd Anderson steals 3rd base
Jesús Raugel to second
1-0: Called Strike
1-1: Foul Ball, location: 2F
1-2: Strikes out swinging
Batting: RHB Ken McDonald 0-0: Swinging Strike
0-1: Reached on error, E5 (Groundball, 56)
Todd Anderson scores
Jesús Raugel to third
Batting: SHB Dave Henley 0-0: Ball
1-0: Ball
2-0: Ground out 4-3 (Groundball, 4)
Top of the 9th over - 1 run(s), 1 hit(s), 1 error(s), 2 left on base; Bemidji 10 - Minnesota 4
BOTTOM OF THE 9TH
Minnesota Death Stars batting - Pitching for Bemidji Benders : RHP Tom Fisher
Now at 1B: Bruce Foster
Now in LF: Simão Polido
Batting: RHB Sean King 0-0: Foul Ball, location: 2F
0-1: Ball
1-1: Fly out, F8 (Flyball, 8LM)
Batting: SHB Jason Mason 0-0: Ball
1-0: Foul Ball, location: 2F
1-1: Fly out, F7 (Flyball, 7M)
Batting: RHB Vincent Braun 0-0: Fly out, F8 (Flyball, 8RM)
Bottom of the 9th over - 0 run(s), 0 hit(s), 0 error(s), 0 left on base; Bemidji 10 - Minnesota 4
This league is powered by Out of the Park Baseball, the baseball management simulation game for PC, Mac and Linux
Tuesday, August 2nd, 2016 - OOTP Baseball 16.8 Build 38